 Dungeon Crawl Stone Soup version 0.24-a0-29-g43a6aff (webtiles) character file.

Game seed: 18370613510984783426

228 xeno23 the Insei (level 6, -5/40 HPs)
             Began as an Octopode Transmuter on Feb 2, 2019.
             Killed by divine providence
             ... invoked by an orc priest
              (11 damage)
             ... on level 4 of the Dungeon.
             The game lasted 00:12:00 (3124 turns).

xeno23 the Insei (Octopode Transmuter)              Turns: 3124, Time: 00:12:01

Health: -5/40      AC:  1    Str: 10    XL:     6   Next: 2%
Magic:  7/10       EV: 20    Int: 15    God:
Gold:   128        SH:  0    Dex: 19    Spells: 4/10 levels left

rFire    . . .     SeeInvis .   e - +0 dagger
rCold    . . .     Gourm    .   (no shield)
rNeg     + . .     Faith    .   (helmet restricted)
rPois    .         Spirit   .   (no amulet)
rElec    .         Reflect  .   d - ring of positive energy
rCorr    .         Harm     .   (no ring)
MR       .....                  (no ring)
Stlth    ++++......             (no ring)
HPRegen  0.13/turn              (no ring)
MPRegen  0.12/turn              (no ring)
                                (no ring)
                                (no ring)

@: agile
A: almost no armour, stealthy swim, amphibious, 8 rings, constrict 8, camouflage
1, gelatinous body 1
a: no special abilities


You were on level 4 of the Dungeon.
You were hungry.

You visited 1 branch of the dungeon, and saw 4 of its levels.

You collected 128 gold pieces.

Inventory:

Hand Weapons
 e - a +0 dagger (weapon)
Missiles
 a - 72 arrows
 p - 2 needles of paralysis
Jewellery
 d - a ring of positive energy (left tentacle)
Scrolls
 f - 2 scrolls of noise {unknown}
 h - 2 scrolls of teleportation {unknown}
 i - 2 scrolls of magic mapping {unknown}
 j - a scroll of fog {unknown}
 l - 4 scrolls of identify {unknown}
 n - a scroll of remove curse {unknown}
 q - 2 scrolls of enchant armour {unknown}
Potions
 b - 3 potions of invisibility
 g - a potion of curing
 k - a potion of agility
 m - a potion of might {unknown}
 o - a potion of lignification {unknown}
 r - a potion of heal wounds {unknown}
Comestibles
 c - 8 rations


   Skills:
 + Level 2.3 Fighting
 + Level 3.0 Dodging
 + Level 4.2 Unarmed Combat
 + Level 2.8 Spellcasting
 * Level 3.3 Transmutations


You had 4 spell levels left.
You knew the following spells:

 Your Spells              Type           Power        Failure   Level  Hunger
a - Beastly Appendage     Tmut           ##....       5%          1    #......
q - Spider Form           Tmut/Pois      #.........   30%         3    ###....
s - Sticks to Snakes      Tmut           ##......     8%          2    ##.....

Your spell library contained the following spells:

 Spells                   Type           Power        Failure   Level  Hunger
 Ice Form                 Ice/Tmut       #.......     71%         4    #####..
 Blade Hands              Tmut           ##........   82%         5    ######.


Dungeon Overview and Level Annotations

Branches:
Dungeon (4/15)
 Temple: D:4-7

Altars:
Qazlal
Vehumet
The Shining One

Annotations:
D:4 Purgy


Innate Abilities, Weirdness & Mutations

You cannot wear most types of armour.
You are very stealthy in the water. (Stealth+)
You are amphibious.
You can wear up to eight rings at the same time.
You can use your tentacles to constrict eight enemies at once.
Your skin changes colour to match your surroundings (Stealth+).
Your rubbery body absorbs attacks. (AC +1, EV +1)


Message History

Purgy closely misses you. The orc wizard closely misses you.
Your ball python bites Purgy.
You take 5 damage.
It was a potion of agility.
You feel agile all of a sudden. Purgy bites you.
* * * LOW HITPOINT WARNING * * *
Purgy misses you. Purgy claws you.
* * * LOW HITPOINT WARNING * * *
The orc wizard hits you but does no damage.
Your ball python bites Purgy but does no damage.
You take 3 damage.
You feel better. Purgy bites you!
* * * LOW HITPOINT WARNING * * *
Purgy completely misses you. Purgy misses you.
The orc wizard points at you and mumbles some strange words.
You resist with some effort.
The orc priest mumbles some strange prayers to Beogh against you.
Beogh smites you!
You die...

.###.....#####.# .... .#
#.....#####.# #.. .#
#.....##....# #.##### .#
#.....##.##.## ##.#<..#
.###.....##.#...####..###.#
...#...#......_†§...^§....#
...#...######.o.#.#########
...#...# ##.##T# ...#...#
#oo@S# ...#.... #.####
...#### #.# ...# ..# ...#
###


You could see Purgy, an orc priest, an orc wizard and a friendly ball python.

Vanquished Creatures
  A hound (D:3)
  Natasha (thrice) (D:2)
  A worker ant (D:3)
  A hound skeleton (D:3)
  2 adders
  2 dart slugs (D:1)
  3 leopard geckos
  6 giant cockroaches
  4 hobgoblins
  17 jackals
  9 kobolds
  7 bats
  4 frilled lizards
  8 goblins
  8 rats
76 creatures vanquished.

Vanquished Creatures (collateral kills)
  A hobgoblin (D:1)
1 creature vanquished.

Grand Total: 77 creatures vanquished

Notes
Turn   | Place    | Note
-------+----------+-------------------------------------------
     0 | D:1      | xeno23 the Octopode Transmuter began the quest for the Orb.
     0 | D:1      | Reached XP level 1. HP: 13/13 MP: 3/3
    40 | D:1      | Reached XP level 2. HP: 13/18 MP: 5/5
   228 | D:1      | Learned a level 2 spell: Sticks to Snakes
   620 | D:1      | Reached XP level 3. HP: 20/23 MP: 6/6
  1082 | D:2      | Learned a level 3 spell: Spider Form
  1144 | D:2      | Noticed Natasha
  1153 | D:2      | Killed Natasha
  1153 | D:2      | Reached XP level 4. HP: 18/29 MP: 7/7
  1646 | D:2      | Found a stormy altar of Qazlal.
  1679 | D:2      | Noticed Natasha
  1691 | D:2      | Killed Natasha
  1691 | D:2      | Reached skill level 4 in Unarmed Combat
  1818 | D:2      | Found a glowing golden altar of the Shining One.
  1895 | D:2      | Reached XP level 5. HP: 29/34 MP: 8/8
  2087 | D:2      | Noticed Natasha
  2095 | D:2      | Killed Natasha
  2802 | D:3      | Reached XP level 6. HP: 29/39 MP: 10/10
  3028 | D:4      | Found a radiant altar of Vehumet.
  3082 | D:4      | Noticed Purgy
  3124 | D:4      | Killed from afar by an orc priest

Vault maps used:
D:1:      scummos_arrival_gate
D:2:      lemuel_coloured_pillars_altar, nicolae_tso_swordbearing_angel,
          first_ration, uniq_natasha
D:4:      lemuel_doored_altar, nicolae_overflow_crystal_walls, uniq_purgy

Skill      XL: |  1  2  3  4  5 |
---------------+----------------+-----
Unarmed Combat | 4 |  4.2
Fighting       | 2 |  2.3
Transmutations | 3 |  3.3
Dodging        | 3 |  3.0
Spellcasting   | |  2.8

Action                   |  1- 3 |  4- 6 || total
-------------------------+-------+-------++-------
Melee: Unarmed           |    12 |       ||    12
       Tentacles         |    19 |    22 ||    41
       Constrict         |    31 |    26 ||    57
       Dagger            |    99 |   101 ||   200
       Kick              |    13 |     7 ||    20
       Punch             |     1 |     2 ||     3
 Cast: Beastly Appendage |     3 |     3 ||     6
       Sticks to Snakes  |     1 |     5 ||     6
       Spider Form       |     1 |       ||     1
  Use: Potion            |       |     2 ||     2
 Stab: Sleeping          |     4 |     5 ||     9
  Eat: Chunk             |     1 |     6 ||     7
Armor: Skin              |     7 |    11 ||    18
Dodge: Dodged            |    70 |    84 ||   154

Table legend:
 A = Non-vault XP
 B = Vault XP
 C = Vault XP percentage of total XP
 D = Non-vault monster count
 E = Vault monster count
 F = Vault count percentage of total count
                 A         B        C        D         E       F
            +---------+---------+-------+---------+---------+-------
      Total |     291 |      35 |  10.7 |      76 |       1 |   1.3
            +---------+---------+-------+---------+---------+-------
        D:1 |      69 |       0 |   0.0 |      36 |       0 |   0.0
        D:2 |      99 |      35 |  26.1 |      27 |       1 |   3.6
        D:3 |     121 |       0 |   0.0 |      12 |       0 |   0.0
        D:4 |       2 |       0 |   0.0 |       1 |       0 |   0.0
            +---------+---------+-------+---------+---------+-------
